 Dungeon Crawl Stone Soup version 0.29-a0-271-gd4eb659eea (webtiles) character file.

Game seed: 6264076491680583254

260 epen the Chopper (level 5, -1/70 HPs)
             Began as a Minotaur Berserker on Mar 9, 2022.
             Was a Believer of Trog.
             Killed by nerve-wracking pain
             ... invoked by an orc priest
              (5 damage)
             ... on level 3 of the Dungeon.
             The game lasted 00:03:33 (3390 turns).

epen the Chopper (Minotaur Berserker)               Turns: 3390, Time: 00:03:34

Health: -1/70      AC:  7    Str: 23    XL:     5   Next: 95%
Magic:  4/4        EV: 11    Int:  4    God:    Trog [**....]
Gold:   132        SH:  0    Dex: 10    Spells: 4/4 levels left

rFire   . . .      SeeInvis .   a - +0 hand axe
rCold   . . .      Faith    .   (no shield)
rNeg    . . .      Spirit   .   g - +0 ring mail
rPois   .          Reflect  .   (helmet restricted)
rElec   .          Harm     .   n - +0 cloak
rCorr   .          Rampage  .   (no gloves)
Will    .....                   (no boots)
Stlth   ..........              (no amulet)
HPRegen 0.21/turn               (no ring)
MPRegen 0.09/turn               (no ring)

@: berserking, very quick
A: horns 2, retaliatory headbutt
a: Renounce Religion, Berserk, Trog's Hand


You were on level 3 of the Dungeon.
You worshipped Trog.
Trog was pleased with you.
You visited 1 branch of the dungeon, and saw 3 of its levels.

You collected 132 gold pieces.

Inventory:

Hand Weapons
 a - a +0 hand axe (weapon)
Armour
 b - a +0 animal skin
 g - a +0 ring mail (worn)
 n - a +0 cloak (worn)
Jewellery
 k - an amulet of reflection
 m - a ring of flight
Scrolls
 e - a scroll of teleportation {unknown}
 h - a scroll of fog {unknown}
 i - 4 scrolls of identify {unknown}
 l - a scroll of vulnerability {unknown}
Potions
 c - a potion of might {unknown}
 d - a potion of resistance {unknown}
 f - 2 potions of attraction {unknown}
 j - a potion of cancellation {unknown}
 o - a potion of brilliance {unknown}
 p - a potion of flight {unknown}


   Skills:
 + Level 4.8 Fighting
 * Level 5.8 Axes
 + Level 3.9 Armour
 + Level 3.6 Dodging


You had 4 spell levels left.
You didn't know any spells.
Your spell library was empty.

Dungeon Overview and Level Annotations

Branches:
Dungeon (3/15)

Altars:
Cheibriados
Fedhas


Innate Abilities, Weirdness & Mutations

You have a pair of horns on your head.
You reflexively headbutt those who attack you in melee.


Message History

The orc priest barely misses you. You furiously retaliate!
You headbutt the orc priest. You hit the orc priest.
The orc priest is heavily wounded.
The orc hits you but does no damage.
The orc priest hits you but does no damage.
You hit the orc priest.
The orc priest is severely wounded.
You barely miss the orc. The orc barely misses you.
The orc hits you with a +0 hand axe.
The orc priest mumbles some strange prayers to Beogh against you.
Pain shoots through your body!
You closely miss the orc priest.
The orc priest is severely wounded.
You barely miss the orc.
The orc hits you from afar with a +0 trident.
The orc hits you with a +0 hand axe.
The orc priest calls down the wrath of Beogh upon you.
Beogh smites you!
* * * LOW HITPOINT WARNING * * *
You are too injured to fight recklessly!
A red film seems to cover your vision as you go berserk!
You feel yourself moving faster!
You feel mighty! The orc closely misses you. x2
The orc priest hits you with a +0 hand axe.
* * * LOW HITPOINT WARNING * * *
You hit the orc priest.
The orc priest is almost dead.
You barely miss the orc.
The orc hits you from afar with a +0 trident.
* * * LOW HITPOINT WARNING * * *
The orc closely misses you. You furiously retaliate!
You headbutt the orc!
You kill the orc!
Trog accepts your kill.
The orc priest hits you with a +0 hand axe.
* * * LOW HITPOINT WARNING * * *
You barely miss the orc priest.
The orc priest is almost dead.
The orc priest mumbles some strange prayers to Beogh against you.
Pain shoots through your body!
You die...

###.....#####
#.# # #.....#
#.# ###.....#
#.# ....#.###
###.# ......#
..#.# .######
# #.#.##### .#
... #.#.....#
.#
..#..#o#####.#
.#
......)@.....#
.#
.....o.#######
## #######


You could see an orc priest and an orc.

Vanquished Creatures
  A phantom (D:3)
  Crazy Yiuf (D:2)
  An iron imp (D:3)
  Terence (D:2)
  3 adders
  3 worms
  A dart slug (D:1)
  3 orcs (D:3)
  9 ball pythons
  5 endoplasms
  2 giant cockroaches (D:2)
  3 goblins
  3 hobgoblins
  7 jackals
  5 kobolds
  3 quokkas
  5 bats
  2 frilled lizards
  4 rats
62 creatures vanquished.

Notes
Turn   | Place    | Note
-------+----------+-------------------------------------------
     0 | D:1      | epen the Minotaur Berserker began the quest for the Orb.
     0 | D:1      | Reached XP level 1. HP: 19/19 MP: 0/0
    43 | D:1      | Found a faded altar of an unknown god.
    87 | D:1      | Reached XP level 2. HP: 27/27 MP: 1/1
    89 | D:1      | Reached skill level 4 in Axes
   721 | D:1      | Reached XP level 3. HP: 33/33 MP: 2/2
  1148 | D:2      | Found a blossoming altar of Fedhas.
  1439 | D:2      | Found a runed translucent door.
  1440 | D:2      | Noticed Crazy Yiuf
  1471 | D:2      | Reached ** piety under Trog
  1794 | D:2      | Noticed Terence
  1802 | D:3      | Reached XP level 4. HP: 33/40 MP: 3/3
  1863 | D:2      | Killed Terence
  2046 | D:2      | Reached skill level 5 in Axes
  2466 | D:2      | HP: 2/58 [Crazy Yiuf/+4 quarterstaff of chaos (1)]
  2467 | D:2      | Killed Crazy Yiuf
  2468 | D:2      | Reached XP level 5. HP: 3/47 MP: 4/4
  2952 | D:3      | Noticed a phantom
  2959 | D:3      | Killed a phantom
  3089 | D:3      | Found a snail-covered altar of Cheibriados.
  3390 | D:3      | Killed from afar by an orc priest

Illustrated notes

Levels and vault maps discovered:
D:1:      wander_arrival_peaceful_grave, layout_loops_corners,
          nicolae_ecumenical_snake_handling
D:2:      minmay_angry_zag, layout_basic, basic_altar, uniq_terence,
          uniq_crazy_yiuf_cottage
D:3:      wad_lake_hut, layout_basic, slow_altar_1

Skill      XL: |  1  2  3  4 |
---------------+-------------+-----
Axes           | 4 5 |  5.8
Fighting       | 4 |  4.8
Armour         | 3 |  3.9
Dodging        | 3 |  3.6

Action                   |  1- 3 |  4- 6 || total
-------------------------+-------+-------++-------
Melee: Hand axe          |   107 |    59 ||   166
       Headbutt          |    13 |     7 ||    20
       Punch             |     1 |       ||     1
Invok: Berserk           |       |     3 ||     3
  Use: Potion            |       |     1 ||     1
Armor: Animal skin       |     9 |       ||     9
       Ring mail         |     3 |    15 ||    18
Dodge: Dodged            |    70 |    29 ||    99

Table legend: (Time is in decaauts)
 A = Elapsed time spent in this place.
 B = Non-inter-level travel time spent in this place.
 C = Inter-level travel time spent in this place.
 D = Time resting spent in this place.
 E = Time spent auto-exploring this place.
 F = Levels seen in this place.
 G = Mean time per level.
                   A        B        C        D        E       F      G
               +--------+--------+--------+--------+--------+-----+--------+
         Total |   3445 |   3323 |    122 |    661 |   2237 |   3 | 1148.3 |
       Dungeon |   3445 |   3323 |    122 |    661 |   2237 |   3 | 1148.3 |
               +--------+--------+--------+--------+--------+-----+--------+

Top non-repeatable levels by time:
     D:2: 1733 daAuts
     D:1: 1021 daAuts
     D:3: 690 daAuts
